 Dungeon Crawl Stone Soup version 0.21.1 (webtiles) character file.

306570 pk666 the Executioner (level 20, -6/168 (170) HPs)
             Began as a Minotaur Berserker on Feb 3, 2018.
             Was the Champion of Trog.
             Mangled by a death ooze (20 damage)
             ... created by the Royal Jelly
             ... on level 4 of the Pits of Slime.
             The game lasted 04:00:50 (43379 turns).

pk666 the Executioner (Minotaur Berserker)         Turns: 43379, Time: 04:00:51

HP:   -6/168 (170)  AC: 30    Str: 29    XL:     20   Next: 31%
MP:   6/6           EV: 16    Int:  2    God:    Trog [******]
Gold: 3964          SH:  0    Dex: 12    Spells: 19/19 levels left

rFire    . . .     SeeInvis .   a - +6 executioner's axe (antimagic)
rCold    . . .     Gourm    .   (shield currently unavailable)
rNeg     + . .     Faith    .   j - +3 plate armour {rPois}
rPois    +         Spirit   .   m - +2 hat
rElec    .         Reflect  .   (no cloak)
rCorr    +         Harm     .   r - +0 pair of gloves (curse)
MR       ++++.     Clarity  +   C - +2 pair of boots
Stlth    ..........             f - amulet of the Four Winds {rN+ MR+++ Clar}
HPRegen  0.00/turn              e - ring of resist corrosion
MPRegen  0.10/turn              y - +5 ring of protection

@: corroded, berserk cooldown, non-regenerating, badly diseased, slowed,
studying Armour, very slow
A: retaliatory headbutt, horns 2, blurry vision 1, deterioration 1, dopey 1,
frail 1
}: 2/15 runes: barnacled, gossamer
a: Berserk, Trog's Hand, Brothers in Arms, Burn Spellbooks, Renounce Religion


You were on level 4 of the Pits of Slime.
You worshipped Trog.
Trog was exalted by your worship.
You were very hungry.

You visited 6 branches of the dungeon, and saw 36 of its levels.
You also visited: Ossuary.

You collected 4022 gold pieces.
You spent 58 gold pieces at shops.

Inventory:

Hand Weapons
 a - a +6 antimagic executioner's axe (weapon)
 b - the +10 triple crossbow "Tormentor" {freeze, Int+3}
   (Trog gifted it to you on level 6 of the Lair of Beasts)

   It causes projectiles fired from it to freeze those they strike, causing
   extra injury to most foes and up to half again as much damage against
   particularly susceptible opponents.
   They can also slow down cold-blooded creatures.
   It affects your intelligence (+3).
 k - a +3 executioner's axe of flaming
 O - a +5 executioner's axe of venom
Missiles
 J - 283 bolts (quivered)
Armour
 j - a +3 plate armour of poison resistance (worn)
 m - a +2 hat (worn)
 r - a cursed +0 pair of gloves (worn)
 C - a +2 pair of boots (worn)
Jewellery
 e - a ring of resist corrosion (left hand)
 f - the amulet of the Four Winds (around neck) {rN+ MR+++ Clar}
   (You found it on level 14 of the Dungeon)

   [amulet of nothing]

   It protects you from negative energy.
   It affects your resistance to hostile enchantments.
   It protects you against confusion.
 s - a +6 ring of dexterity
 y - a +5 ring of protection (right hand)
 T - an uncursed ring of flight
 V - an uncursed ring of see invisible
Wands
 o - a wand of paralysis (35)
 x - a wand of iceblast (37)
 z - a wand of acid (10)
 B - a wand of polymorph (22)
 F - a wand of flame (46)
 P - a wand of disintegration (16)
 R - a wand of clouds (6)
 U - a wand of enslavement (14)
Scrolls
 d - 12 scrolls of remove curse
 h - 3 scrolls of blinking
 i - 14 scrolls of teleportation
 t - 4 scrolls of magic mapping
 D - 2 scrolls of holy word
 E - 4 scrolls of identify
 M - 3 scrolls of fog
 Q - 2 scrolls of fear
 S - 3 scrolls of summoning
Potions
 g - 5 potions of agility
 l - 6 potions of haste
 p - 6 potions of might
 q - 3 potions of cancellation
 u - 5 potions of ambrosia
 v - 12 potions of curing
 A - a potion of brilliance
 W - 6 potions of flight
 X - 5 potions of lignification
 Z - 2 potions of heal wounds
Books
 I - a manual of Armour
Miscellaneous
 G - a phantom mirror
Comestibles
 c - 41 rations


   Skills:
 + Level 18.9 Fighting
 * Level 21.1 Axes
 * Level 16.4 Crossbows
 + Level 19.9 Armour
 + Level 16.3 Dodging


You had 19 spell levels left.
You didn't know any spells.

Dungeon Overview and Level Annotations

Branches:
Dungeon (15/15)            Temple (0/1) D:5            Lair (6/6) D:8
 Shoals (4/4) Lair:4       Spider (4/4) Lair:2        Slime (5/5) Lair:6
    Orc (2/2) D:11            Elf (0/3) Orc:2        Vaults (0/5) D:13
 Depths (0/5) D:15

Altars:
Nemelex Xobeh
Ru
Vehumet
Yredelemnul
Zin
Beogh
Jiyva

Shops:
D:8 *   D:9 [   D:15 ?   Orc:2 =:((

Annotations:
D:10 Erolcha
D:14 3 runed doors
Lair:5 Snorg


Innate Abilities, Weirdness & Mutations

You reflexively headbutt those who attack you in melee.
You have a pair of horns on your head.
Scrolls take you a little longer to read.
Your body sometimes deteriorates upon taking damage.
You are dopey. (Int -2)
You are frail. (-10% HP)


Message History

The death ooze hits you but does no damage.
The azure jelly completely misses you. You furiously retaliate!
You headbutt the azure jelly!
The azure jelly hits you but does no damage.
The azure jelly hits you.
* * * LOW HITPOINT WARNING * * *
The azure jelly hits you but does no damage.
The death ooze hits you!
* * * LOW HITPOINT WARNING * * *
You feel ill.
You feel your flesh rotting away!
The death ooze hits you but does no damage.
The death ooze hits you!
* * * LOW HITPOINT WARNING * * *
You feel ill.
You feel your flesh rotting away! The death ooze barely misses you.
The azure jelly hits you but does no damage. x3
The azure jelly closely misses you.
The death ooze hits you but does no damage.
The death ooze hits you!!
You die...

#.... #.###....#....
##...##..#...........
.#...................#
..........#..#........
### #...........#........
#..####..................
....#.##.................
............J............
#..........J@............
...........J..#..........
.........................
........................#
................#........
..#.#................##..
. ##.........<..##.<.## .
##............#....
###..........##..


You could see an azure jelly and 2 death oozes.

Vanquished Creatures
  the Royal Jelly (Slime:5)
  Arachne (Spider:3)
  A Tzitzimitl (Spider:2)
  13 acid blobs
  Gastronok (D:12)
  Ilsuiw (Shoals:4)
  Roxanne (Shoals:4)
  8 azure jellies
  Louise (Shoals:4)
  3 ghost moths
  3 emperor scorpions
  An orc warlord (Orc:1)
  7 entropy weavers
  2 stone giants (Orc:1)
  2 dire elephants (Lair:6)
  3 spark wasps
  12 death oozes
  4 merfolk javelineers
  4 merfolk impalers
  5 great orbs of eyes
  Harold (Lair:1)
  6 hydras
  The ghost of tidbits the Magician, a journeyman GnSk of Cheibriados (Orc:2)
  8 centaur warriors
  2 vault guards (D:13)
  A merfolk avatar (Shoals:2)
  A catoblepas (Lair:6)
  2 death knights (D:15)
  3 merfolk aquamancers
  An ogre mage (D:12)
  12 death yaks
  2 alligator snapping turtles (Shoals:3)
  4 two-headed ogres
  3 satyrs
  4 tengu warriors
  The ghost of SaintRoka the Martial Artist, a novice GnTm of Cheibriados (D:8)
  A skeletal warrior (D:15)
  2 fire crabs (shapeshifter)
  A lindwurm (Lair:6)
  A deep troll (D:14)
  2 unseen horrors
  A deep troll (shapeshifter) (D:15)
  3 glowing orange brains
  16 sea snakes
  10 orc knights
  17 harpies
  20 orb spiders
  37 wolf spiders
  13 deep elf magi
  A harpy (shapeshifter) (D:15)
  4 orc sorcerers
  2 necromancers (D:13)
  An oklob plant (Lair:6)
  17 manticores
  9 ugly things
  26 fauns
  7 shining eyes
  3 cyclopes
  11 merfolk sirens
  2 moths of wrath
  5 elephants
  6 black mambas
  7 water nymphs
  3 eyes of devastation
  Psyche (D:12)
  3 komodo dragons
  3 centaur skeletons
  10 spiny frogs
  5 yaktaurs
  A yaktaur (shapeshifter) (D:13)
  A rime drake (shapeshifter) (D:15)
  A gargoyle (D:14)
  A kobold demonologist (D:15)
  13 demonic crawlers
  10 rime drakes
  2 freezing wraiths (D:15)
  3 efreet
  A tengu conjurer (D:15)
  8 trolls
  A meliai (shapeshifter) (D:14)
  40 jumping spiders
  A hornet (shapeshifter) (D:15)
  18 merfolk
  A wind drake (shapeshifter) (D:14)
  9 wind drakes
  2 polar bears
  10 hornets
  Grinder (D:3)
  12 snapping turtles
  Prince Ribbit (D:7)
  68 slime creatures
  4 blink frogs (Lair:2)
  10 dream sheep (Lair:6)
  22 hippogriffs
  84 redbacks
  35 tarantellas
  4 wraiths
  A spriggan (Lair:2)
  6 water elementals
  Eustachio (D:6)
  11 wyverns
  A shadow (D:13)
  33 yaks
  A steam dragon (Lair:6)
  12 basilisks
  20 humans (D:13)
  3 hungry ghosts
  7 vampire mosquitoes
  Edmund (D:6)
  10 wargs
  A soldier ant (D:11)
  5 acid dragons
  8 water moccasins
  4 porcupines
  32 orc warriors
  A hell hound (D:14)
  2 necrophages
  6 sky beasts
  3 black bears
  A swamp drake (Lair:6)
  4 ice beasts
  A black bear (shapeshifter) (D:12)
  6 wolves
  9 eyes of draining
  13 ogres
  10 centaurs
  12 crocodiles
  3 big kobolds
  19 bullfrogs
  3 scorpions
  5 wights (D:12)
  2 electric eels (Spider:2)
  4 howler monkeys
  13 crimson imps
  2 bullfrog zombies
  7 centaur zombies
  25 jellies
  3 quasits
  A wyvern simulacrum (D:14)
  12 orc priests
  8 hounds
  2 bullfrog skeletons
  15 orc wizards
  Terence (D:3)
  6 iguanas
  10 hell rats
  9 worker ants
  6 big kobold zombies (Ossuary)
  A hound zombie (D:10)
  A hound skeleton (D:7)
  5 mummies (Ossuary)
  A worker ant zombie (D:8)
  2 howler monkey skeletons
  13 adders
  4 shadow imps
  8 oozes
  2 adder skeletons
  5 worms
  2 dart slugs
  6 leopard geckos
  89 orcs
  8 giant cockroaches
  7 goblins
  6 hobgoblins
  12 jackals
  6 quokkas
  3 ball pythons
  3 bats
  3 frilled lizards
  A hobgoblin zombie (Ossuary)
  23 kobolds
  A leopard gecko skeleton (D:4)
  A quokka skeleton (D:4)
  2 quokka zombies
  9 rats
  2 fungi
  4 plants
1351 creatures vanquished.

Vanquished Creatures (collateral kills)
  A frost giant (Shoals:4)
  Azrael (D:12)
  6 merfolk impalers (Shoals:4)
  A fire dragon (Lair:6)
  Fannar (D:12)
  5 hydras
  2 merfolk aquamancers (Shoals:4)
  A death yak (D:8)
  A swamp dragon (Lair:6)
  3 wolf spiders (Spider:2)
  An orc knight (Orc:2)
  A manticore (Shoals:4)
  A rime drake (Lair:6)
  A jumping spider (Spider:2)
  A polar bear (Lair:2)
  2 hippogriffs
  A spriggan (Lair:2)
  4 fire elementals (D:12)
  A warg (Orc:2)
  A water moccasin (Lair:2)
  2 hell hounds (D:12)
  7 orc warriors (Orc:2)
  7 wolves (Lair:2)
  A bullfrog (Lair:2)
  A crimson imp (D:12)
  A quasit (D:12)
  An orc priest (Orc:2)
  An orc wizard (D:12)
  4 orcs
61 creatures vanquished.

Vanquished Creatures (others)
  A hydra (D:15)
  A merfolk aquamancer (Shoals:4)
  An unseen horror (D:14)
  A basilisk (Lair:6)
  An orc warrior (Orc:2)
  A ball lightning (Spider:2)
  22 fungi
  15 plants
  6 toadstools (D:6)
  4 withered plants (D:11)
53 creatures vanquished.

Grand Total: 1465 creatures vanquished

Notes
Turn   | Place    | Note
-------+----------+-------------------------------------------
     0 | D:1      | pk666 the Minotaur Berserker began the quest for the Orb.
     0 | D:1      | Reached XP level 1. HP: 19/19 MP: 0/0
   153 | D:1      | Reached skill level 4 in Axes
   156 | D:1      | Reached XP level 2. HP: 18/27 MP: 1/1
   639 | D:2      | Reached XP level 3. HP: 34/34 MP: 2/2
   691 | D:2      | Reached ** piety under Trog
  1162 | D:2      | Reached skill level 5 in Axes
  1162 | D:2      | Reached XP level 4. HP: 41/41 MP: 3/3
  1317 | D:3      | Noticed Grinder
  1342 | D:3      | Killed Grinder
  1342 | D:3      | Reached skill level 5 in Fighting
  1342 | D:3      | Reached skill level 6 in Axes
  1342 | D:3      | Reached XP level 5. HP: 31/48 MP: 4/4
  1342 | D:3      | Reached XP level 6. HP: 36/56 MP: 5/5
  1553 | D:3      | Noticed Terence
  1558 | D:3      | Reached *** piety under Trog
  1561 | D:3      | Killed Terence
  1982 | D:4      | Found a sand-covered staircase.
  1989 | Ossuary  | Entered an ossuary
  2227 | Ossuary  | Reached skill level 7 in Axes
  2257 | Ossuary  | Reached XP level 7. HP: 42/63 MP: 6/6
  2467 | D:4      | Reached **** piety under Trog
  2648 | D:4      | Reached skill level 5 in Armour
  3363 | D:5      | Entered Level 5 of the Dungeon
  3395 | D:5      | Reached skill level 8 in Axes
  3562 | D:5      | Found a staircase to the Ecumenical Temple.
  3919 | D:5      | Found a sacrificial altar of Ru.
  4080 | D:6      | Reached XP level 8. HP: 70/71 MP: 7/7
  4081 | D:6      | Noticed Edmund
  4093 | D:6      | Killed Edmund
  4162 | D:6      | Reached skill level 9 in Axes
  4163 | D:6      | Noticed a slime creature
  4174 | D:6      | Killed a slime creature
  4335 | D:6      | Reached skill level 10 in Axes
  4384 | D:6      | Found a glowing silver altar of Zin.
  4414 | D:6      | Noticed Eustachio
  4472 | D:6      | Killed Eustachio
  4472 | D:6      | Reached XP level 9. HP: 63/81 MP: 8/8
  4648 | D:6      | Reached ***** piety under Trog
  4959 | D:7      | Reached skill level 11 in Axes
  5243 | D:7      | Noticed Prince Ribbit
  5247 | D:7      | Killed Prince Ribbit
  5462 | D:8      | Found Wamupryi's General Store.
  5535 | D:8      | Got a heavily runed iron ring
  5537 | D:8      | Lost intelligence.
  5537 | D:8      | Identified the ring of Trog's No More Talking {+Blink rC+ Int-5 Dex+3} (You found it on level 8 of the Dungeon)
  5576 | D:8      | Noticed a two-headed ogre
  5582 | D:8      | Killed a two-headed ogre
  5884 | D:8      | Noticed SaintRoka's ghost (novice GnTm)
  5895 | D:8      | Killed SaintRoka's ghost
  5895 | D:8      | Reached skill level 12 in Axes
  5895 | D:8      | Reached XP level 10. HP: 92/92 MP: 9/9
  5919 | D:8      | Noticed a death yak
  6085 | D:8      | Noticed a death yak
  6085 | D:8      | Noticed a death yak
  6097 | D:8      | Killed a death yak
  6124 | D:8      | Found a staircase to the Lair.
  6133 | Lair:1   | Entered Level 1 of the Lair of Beasts
  6143 | Lair:1   | Killed a death yak
  6143 | Lair:1   | Reached skill level 10 in Fighting
  6375 | D:8      | Reached skill level 5 in Dodging
  6377 | D:8      | Killed a death yak
  6805 | D:8      | You fall through a shaft!
  6838 | D:8      | Reached skill level 10 in Armour
  6906 | D:9      | Reached skill level 13 in Axes
  6906 | D:9      | Reached XP level 11. HP: 98/101 MP: 10/10
  7075 | D:9      | Found a radiant altar of Vehumet.
  7169 | D:9      | Found Okentamp's Armour Shoppe.
  7247 | D:10     | Entered Level 10 of the Dungeon
  7451 | D:10     | Killed an unseen horror
  7572 | D:10     | Noticed Erolcha
  7785 | D:10     | Reached ****** piety under Trog
  7950 | D:11     | Found a staircase to the Orcish Mines.
  8141 | D:11     | Found a basalt altar of Yredelemnul.
  8287 | D:11     | Noticed a white ugly thing
  8300 | D:11     | Killed a white ugly thing
  8612 | D:12     | Received a gift from Trog
  8675 | D:12     | Reached skill level 14 in Axes
  9102 | D:12     | Reached XP level 12. HP: 56/112 MP: 11/11
  9311 | D:12     | Noticed a four-headed hydra
  9311 | D:12     | Noticed a centaur warrior
  9783 | Lair:1   | Noticed Harold
  9798 | Lair:1   | Killed Harold
 10411 | Lair:2   | Noticed an eight-headed hydra
 10420 | Lair:2   | Killed an eight-headed hydra
 10460 | Lair:2   | Found a hole to the Spider Nest.
 10723 | Lair:2   | Received a gift from Trog
 11884 | Lair:3   | Reached skill level 15 in Axes
 11884 | Lair:3   | Reached skill level 10 in Dodging
 12471 | Lair:4   | Noticed a four-headed hydra
 12474 | Lair:4   | Found a staircase to the Shoals.
 12485 | Lair:4   | Killed an 11-headed hydra
 12491 | Lair:4   | Reached XP level 13. HP: 71/122 MP: 12/12
 13743 | Lair:5   | Noticed Snorg
 14366 | Lair:6   | Entered Level 6 of the Lair of Beasts
 14592 | Lair:6   | Found a staircase to the Slime Pits.
 14610 | Lair:6   | Received a gift from Trog
 15058 | Lair:6   | Noticed a dire elephant
 15070 | Lair:6   | Killed a dire elephant
 15351 | Lair:6   | Reached skill level 16 in Axes
 15539 | Lair:6   | Noticed a dire elephant
 15548 | Lair:6   | Killed a dire elephant
 15676 | Lair:6   | Reached XP level 14. HP: 130/133 MP: 13/13
 16296 | Lair:6   | Received a gift from Trog
 16317 | Lair:6   | Got a transparent triple crossbow {god gift}
 16324 | Lair:6   | Identified the +10 triple crossbow "Tormentor" {freeze, Int+3} (Trog gifted it to you on level 6 of the Lair of Beasts)
 16704 | Lair:6   | Reached skill level 15 in Fighting
 17690 | D:12     | Noticed Gastronok
 17919 | D:12     | Killed Gastronok
 18121 | D:12     | Noticed Psyche
 18127 | D:12     | Killed Psyche
 18149 | D:12     | Reached skill level 15 in Armour
 18167 | D:12     | Noticed Azrael
 18168 | D:12     | Killed Azrael
 18580 | D:12     | Noticed Fannar
 18600 | D:12     | Killed Fannar
 19295 | D:12     | Reached skill level 1 in Crossbows
 19385 | D:12     | Reached skill level 17 in Axes
 19447 | D:13     | Received a gift from Trog
 20155 | D:13     | Reached XP level 15. HP: 143/143 MP: 14/14
 20533 | D:13     | Found a gate to the Vaults.
 20970 | D:14     | Received a gift from Trog
 20981 | D:14     | Reached skill level 5 in Crossbows
 21063 | D:14     | Found a runed door.
 21089 | D:14     | Found a runed door.
 21089 | D:14     | Found a runed door.
 21126 | D:14     | Reached XP level 16. HP: 151/151 MP: 15/15
 21291 | D:14     | Found a sparkling altar of Nemelex Xobeh.
 21306 | D:14     | Received a gift from Trog
 21831 | D:14     | Paralysed by a great orb of eyes for 5 turns
 22539 | D:14     | Found the amulet of the Four Winds {rN+ MR+++ Clar}
 22904 | D:15     | Entered Level 15 of the Dungeon
 23579 | D:15     | Found a staircase to the Depths.
 23617 | D:15     | Found Ylerhasa's Magic Scroll Shoppe.
 23633 | D:15     | Received a gift from Trog
 23633 | D:15     | Reached skill level 10 in Crossbows
 24167 | D:15     | Received a gift from Trog
 24625 | Orc:1    | Entered Level 1 of the Orcish Mines
 24628 | Orc:1    | Reached XP level 17. HP: 160/160 MP: 16/16
 25357 | Orc:2    | Entered Level 2 of the Orcish Mines
 25357 | Orc:2    | Noticed tidbits's ghost (journeyman GnSk)
 25359 | Orc:2    | Killed tidbits's ghost
 25359 | Orc:2    | Received a gift from Trog
 25457 | Orc:1    | Reached skill level 18 in Axes
 25730 | Orc:2    | Found a staircase to the Elven Halls.
 26077 | Orc:2    | Found Quydari's Weapon Boutique.
 26301 | Orc:2    | Found Laemu's Weapon Shoppe.
 26357 | Orc:2    | Found a roughly hewn altar of Beogh.
 26796 | Orc:2    | Found Xyaba's Jewellery Shoppe.
 26796 | Orc:2    | Found Qilloafoi's Book Boutique.
 27342 | Shoals:1 | Entered Level 1 of the Shoals
 27399 | Shoals:1 | Received a gift from Trog
 27648 | Shoals:1 | Received a gift from Trog
 27966 | Shoals:1 | Got an encrusted mace
 27967 | Shoals:1 | Identified the +1 mace of Hard Scrabble {freeze, +Rage rF+ rC++ MP-9} (You found it on level 1 of the Shoals)
 28359 | Shoals:2 | Received a gift from Trog
 31063 | Shoals:4 | Entered Level 4 of the Shoals
 31068 | Shoals:4 | Noticed Ilsuiw
 31069 | Shoals:4 | Received a gift from Trog
 31069 | Shoals:4 | Reached XP level 18. HP: 146/170 MP: 17/17
 32003 | Shoals:4 | Killed Ilsuiw
 32818 | Shoals:4 | Noticed Louise
 32892 | Shoals:4 | Killed Louise
 33476 | Shoals:4 | Reached skill level 19 in Axes
 33480 | Shoals:4 | Reached skill level 15 in Dodging
 33484 | Shoals:4 | Received a gift from Trog
 33655 | Shoals:4 | Got a barnacled rune of Zot
 33990 | Shoals:4 | Noticed Roxanne
 34000 | Shoals:4 | Killed Roxanne
 34011 | Shoals:4 | Received a gift from Trog
 34507 | D:9      | Bought a +0 pair of boots for 58 gold pieces
 34603 | Spider:1 | Entered Level 1 of the Spider Nest
 35957 | Spider:2 | Noticed a Tzitzimitl
 36416 | Spider:2 | Received a gift from Trog
 36455 | Spider:2 | Killed a Tzitzimitl
 37149 | Spider:3 | Noticed Arachne
 37163 | Spider:3 | Killed Arachne
 37309 | Spider:2 | Received a gift from Trog
 37312 | Spider:2 | Reached XP level 19. HP: 127/179 MP: 6/18
 38376 | Spider:4 | Entered Level 4 of the Spider Nest
 38603 | Spider:4 | Reached skill level 20 in Axes
 38752 | Spider:4 | Received a gift from Trog
 38889 | Spider:4 | Got a warped trident
 38892 | Spider:4 | Identified the +5 trident "Ugiracry" {pierce, rF+ MP-9 Dex+3} (You found it on level 4 of the Spider Nest)
 38944 | Spider:4 | Reached skill level 15 in Crossbows
 40250 | Spider:4 | Received a gift from Trog
 40382 | Spider:4 | Got a gossamer rune of Zot
 40639 | Slime:1  | Entered Level 1 of the Pits of Slime
 41240 | Slime:4  | Gained mutation: You are frail. (-10% HP) [a shining eye]
 41241 | Slime:4  | Gained mutation: Scrolls take you a little longer to read. [a shining eye]
 41249 | Slime:3  | Received a gift from Trog
 42195 | Slime:5  | Entered Level 5 of the Pits of Slime
 42273 | Slime:5  | Paralysed by a floating eye for 3 turns
 42454 | Slime:5  | Gained mutation: You are dopey. (Int -2) [a shining eye]
 42636 | Slime:5  | Reached XP level 20. HP: 170/170 MP: 19/19
 42723 | Slime:5  | Found a viscous altar of Jiyva.
 42761 | Slime:5  | Noticed the Royal Jelly
 42993 | Slime:5  | Received a gift from Trog
 43093 | Slime:4  | Gained mutation: Your body sometimes deteriorates upon taking damage. [a shining eye]
 43113 | Slime:3  | Reached skill level 21 in Axes
 43147 | Slime:4  | Received a gift from Trog
 43372 | Slime:5  | Killed the Royal Jelly
 43379 | Slime:4  | Mangled by a death ooze

Skill      XL: |  1  2  3  4  5  6  7  8  9 10 11 12 13 14 15 16 17 18 19 20 |
---------------+-------------------------------------------------------------+-----
Fighting       | 4 5 6 8 9 10 12 13 14 15 16 17 18 | 18.9
Axes           | 4 5 6 7 8 10 12 13 14 15 16 17 18 19 20 21 | 21.1
Armour         | 3 4 5 7 8 10 11 13 14 15 16 17 18 19 | 19.9
Dodging        | 3 6 8 10 11 12 13 14 15 16 | 16.3
Crossbows      | 2 8 10 12 14 16 | 16.4

Action                   |  1- 3 |  4- 6 |  7- 9 | 10-12 | 13-15 | 16-18 | 19-21 || total
-------------------------+-------+-------+-------+-------+-------+-------+-------++-------
Melee: Hand axe          |    91 |    96 |   164 |       |       |       |       ||   351
       Headbutt          |     9 |    21 |    67 |   146 |   158 |   205 |    85 ||   691
       War axe           |       |       |   185 |   377 |       |       |       ||   562
       Battleaxe         |       |       |       |   162 |   491 |   514 |       ||  1167
       Triple crossbow   |       |       |       |       |     1 |       |       ||     1
       Executioner's axe |       |       |       |       |       |   237 |   274 ||   511
 Fire: Triple crossbow   |       |       |       |       |   133 |   506 |   230 ||   869
Throw: Tomahawk          |       |       |    16 |       |       |       |       ||    16
Invok: Berserk           |       |     1 |     1 |     3 |     5 |       |     1 ||    11
       Brothers in Arms  |       |       |     1 |     2 |     5 |     6 |     1 ||    15
       Burn Spellbooks   |       |       |       |       |     1 |     3 |     1 ||     5
  Use: Scroll            |       |     1 |     9 |    10 |    11 |     8 |     6 ||    45
       Potion            |       |       |       |     1 |     1 |     2 |     1 ||     5
 Stab: Sleeping          |     1 |       |       |       |       |       |       ||     1
       Distracted        |       |       |       |     1 |       |     1 |     1 ||     3
  Eat: Chunk             |     1 |     3 |    14 |    28 |    32 |    48 |     6 ||   132
       Ration            |       |       |       |       |     1 |     2 |     4 ||     7
Armor: Animal skin       |     3 |       |       |       |       |       |       ||     3
       Chain mail        |    36 |    31 |   177 |   186 |       |       |       ||   430
       Plate armour      |       |       |       |   173 |   451 |   662 |   377 ||  1663
Dodge: Dodged            |    33 |    26 |   123 |   307 |   485 |  1001 |   409 ||  2384
Block: Other             |     4 |     7 |    18 |    54 |    44 |     6 |       ||   133
       Reflection        |     1 |       |       |       |     4 |     1 |       ||     6
       Shield            |       |       |     3 |     4 |       |       |       ||     7
